 Dungeon Crawl Stone Soup version 0.28.0-53-g5a82cb258f (webtiles) character file.

Game seed: 716593881511708272

215 Kaptain the Digger (level 5, -3/31 HPs)
             Began as a Gargoyle Earth Elementalist on July 13, 2022.
             Slain by an orc priest
             ... wielding a +0 mace
              (5 damage)
             ... on level 4 of the Dungeon.
             The game lasted 00:06:34 (4202 turns).

Kaptain the Digger (Gargoyle Earth Elementalist)    Turns: 4202, Time: 00:06:34

Health: -3/31      AC: 10    Str: 12    XL:     5   Next: 92%
Magic:  1/9        EV: 15    Int: 17    God:
Gold:   84         SH:  0    Dex: 10    Spells: 6/10 levels left

rFire   . . .      SeeInvis .   j - +1 dagger (venom)
rCold   . . .      Faith    .   (no shield)
rNeg    + . .      Spirit   .   k - +0 leather armour
rPois   ∞          Reflect  .   n - +0 helmet
rElec   +          Harm     .   s - +0 cloak
rCorr   .          Rampage  .   m - +0 pair of gloves
Will    .....                   (no boots)
Stlth   ++........              g - amulet of magic regeneration
HPRegen 0.10/turn               q - +4 ring of evasion
MPRegen 0.51/turn               (no ring)

@: very slightly contaminated
A: sickness immunity, AC +4, negative energy resistance 1, electricity
resistance, torment resistance 1, petrification resistance
a: no special abilities


You were on level 4 of the Dungeon.
You visited 1 branch of the dungeon, and saw 4 of its levels.

You collected 84 gold pieces.

Inventory:

Hand Weapons
 e - a +0 short sword
 j - a +1 dagger of venom (weapon)
 r - a +3 quarterstaff of chaos
 t - a +0 mace of protection
Missiles
 c - 64 stones
Armour
 k - a +0 leather armour (worn)
 m - a +0 pair of gloves (worn)
 n - a +0 helmet (worn)
 s - a +0 cloak (worn)
Jewellery
 a - a ring of fire
 g - an amulet of magic regeneration (around neck)
 q - a +4 ring of evasion (left hand)
Wands
 p - a wand of charming (5)
Scrolls
 i - a scroll of fear
 l - a scroll of magic mapping {unknown}
 o - 2 scrolls of teleportation {unknown}
Potions
 b - a potion of might {unknown}
 d - a potion of heal wounds {unknown}
 f - a potion of ambrosia
 h - a potion of brilliance {unknown}


   Skills:
 * Level 2.3 Fighting
 + Level 1.6 Armour
 - Level 1.5 Dodging
 + Level 2.9 Stealth
 * Level 3.0 Spellcasting
 * Level 2.4 Conjurations
 - Level 0.7 Transmutations
 * Level 4.8 Earth Magic


You had 6 spell levels left.
You knew the following spells:

 Your Spells              Type           Power      Damage    Failure   Level
a - Sandblast             Erth           36%        2d10      3%          1
b - Stone Arrow           Conj/Erth      28%        3d8       16%         3

Your spell library contained the following spells:

 Spells                   Type           Power      Damage    Failure   Level
 Magic Dart               Conj           40%        1d5       9%          1
 Passwall                 Tmut/Erth      9%         N/A       11%         2
 Call Imp                 Summ           2%         N/A       32%         2
 Ensorcelled Hibernation  Hex/Ice        4%         N/A       32%         2
 Mephitic Cloud           Conj/Pois/Air  5%         N/A       43%         3
 Swiftness                Air            2%         N/A       54%         3
 Petrify                  Tmut/Erth      11%        N/A       56%         4


Dungeon Overview and Level Annotations

Branches:
Dungeon (4/15)
 Temple: D:4-7

Altars:


Innate Abilities, Weirdness & Mutations

You are immune to sickness and miasma.
Your stone body is resilient. (AC +4)
You are immune to poison.
You resist negative energy. (rN+)
You are resistant to electric shocks. (rElec)
You are resistant to unholy torment.
You are immune to petrification.


Message History

The iguana is severely wounded.
The orc misses you. The iguana bites you.
You hit the orc but do no damage. The orc hits you but does no damage.
The iguana bites you.
You hit the orc.
The orc is poisoned.
The orc is lightly wounded.
The orc misses you. The iguana bites you!
* * * LOW HITPOINT WARNING * * *
You hit the iguana but do no damage.
The iguana is almost dead.
You kill the iguana!
The orc barely misses you.
You see here an iguana corpse.
Casting: Stone Arrow (quite dangerous; 16% risk of failure)
Confirm with . or Enter, or press ? or * to list all spells.
Aiming: Stone Arrow (quite dangerous; 16% risk of failure)
Press: ? - help, Shift-Dir - straight line, f - orc
Aim: an orc, wielding a +0 flail (severely wounded, very poisoned, 68% to hit)
You miscast Stone Arrow.
You are very lightly contaminated with residual magic.
Nothing appears to happen.
You kill the orc!
Your Spellcasting skill increases to level 3!
Casting: Stone Arrow (quite dangerous; 16% risk of failure)
Confirm with . or Enter, or press ? or * to list all spells.
Aiming: Stone Arrow (quite dangerous; 16% risk of failure)
Press: ? - help, Shift-Dir - straight line, f - orc priest
Aim: an orc priest, wielding a +0 mace and wearing a +0 leather armour (68% to hit)
You miscast Stone Arrow.
Nothing appears to happen.
The orc priest calls down the wrath of Beogh upon you.
Pain shoots through your body!
* * * LOW HITPOINT WARNING * * *
Casting: Stone Arrow (quite dangerous; 16% risk of failure)
Confirm with . or Enter, or press ? or * to list all spells.
Aiming: Stone Arrow (quite dangerous; 16% risk of failure)
Press: ? - help, Shift-Dir - straight line, f/p - orc priest
Aim: an orc priest, wielding a +0 mace and wearing a +0 leather armour (68% to hit)
You miscast Stone Arrow.
Nothing appears to happen.
The orc priest hits you with a +0 mace.
You die...

#.## ##.## #
#..# #. ##.# ##.
##### ##.# #..
....#######..#
#.#
............##
#o#
...###.....##
#o# .### #######
#@# .## ####
##.# ..#
###...###..#
..##
#.........#..l.#
...##
..###...#####..#
#...## ##.## ..
#....## #.#
#.....##
###.####.#
#......##
#.......#


You could see an orc priest and an orc.

Vanquished Creatures
  Crazy Yiuf (D:3)
  Ijyb (D:3)
  An iguana (D:4)
  Robin (D:3)
  6 adders
  2 dart slugs
  3 orcs
  5 ball pythons
  4 bats
  3 endoplasms
  3 giant cockroaches
  13 goblins
  5 hobgoblins
  6 kobolds
  4 quokkas
  5 frilled lizards
  3 rats (D:1)
66 creatures vanquished.

Notes
Turn   | Place    | Note
-------+----------+-------------------------------------------
     0 | D:1      | Kaptain the Gargoyle Earth Elementalist began the quest for
                  | the Orb.
     0 | D:1      | Reached XP level 1. HP: 10/10 MP: 3/3
   197 | D:1      | Reached XP level 2. HP: 16/16 MP: 1/5
   453 | D:1      | Reached skill level 1 in Fighting
   679 | D:1      | Reached skill level 1 in Conjurations
   863 | D:1      | Found a faded altar of an unknown god.
   866 | D:1      | Reached XP level 3. HP: 20/20 MP: 3/6
   870 | D:1      | Learned a level 3 spell: Stone Arrow
   932 | D:1      | Reached skill level 4 in Earth Magic
  2121 | D:2      | Reached skill level 1 in Armour
  2121 | D:2      | Reached XP level 4. HP: 25/25 MP: 2/7
  2833 | D:3      | Noticed Robin
  3004 | D:3      | Killed Robin
  3170 | D:3      | Noticed Ijyb
  3181 | D:3      | Killed Ijyb
  3182 | D:3      | Reached XP level 5. HP: 27/30 MP: 0/9
  3425 | D:3      | Found a runed translucent door.
  3426 | D:3      | Noticed Crazy Yiuf
  3735 | D:3      | Killed Crazy Yiuf
  4202 | D:4      | Slain by an orc priest

Illustrated notes

Levels and vault maps discovered:
D:1:      tarquinn_simple_flora_water_d, layout_loops_corners,
          shapermc_ecumenical_altar_flowoftime, serial_bayou_pond_d
D:2:      layout_basic
D:3:      layout_basic, uniq_crazy_yiuf_cottage, uniq_ijyb, uniq_robin
D:4:      layout_layer_cave, mainiacjoe_overflow_big_doors

Skill      XL: |  1  2  3  4  5 |
---------------+----------------+-----
Fighting       | 1 2 |  2.3
Conjurations   | 1 2 |  2.4
Earth Magic    | 4 |  4.8
Armour         | 1 |  1.6
Spellcasting   | 3 |  3.0
Dodging        | |  1.5
Stealth        | |  2.9
Transmutations | |  0.7

Action                   |  1- 3 |  4- 6 || total
-------------------------+-------+-------++-------
Melee: Short sword       |    28 |       ||    28
       Dagger            |    34 |    39 ||    73
       Punch             |       |     1 ||     1
 Cast: Sandblast         |    37 |    12 ||    49
       Stone Arrow       |       |    17 ||    17
  Use: Scroll            |     5 |       ||     5
 Stab: Sleeping          |     2 |     1 ||     3
Armor: Robe              |    13 |       ||    13
       Leather armour    |     2 |    14 ||    16
Dodge: Dodged            |    47 |    36 ||    83
